 Dungeon Crawl Stone Soup version 0.19.1 (webtiles) character file.

39 Idleism the Chiller (level 3, -3/24 HPs)
             Began as a Mummy Ice Elementalist on Dec 10, 2016.
             Slain by an adder (5 damage)
             ... on level 2 of the Dungeon.
             The game lasted 00:07:40 (2439 turns).

Idleism the Chiller (Mummy Ice Elementalist)        Turns: 2439, Time: 00:07:41

Health: -3/24      AC:  3    Str: 11    XL:     3   Next: 26%
Magic:  1/6        EV: 12    Int: 15    God:
Gold:   140        SH:  0    Dex: 12    Spells: 3 memorised, 0 levels left

rFire  x x .     SeeInvis .     g - +0 short sword
rCold  + + .     Gourm    .     a - +0 robe
rNeg   + + +     Faith    .     (no shield)
rPois  ∞         Spirit   .     d - +0 helmet
rElec  .         Reflect  .     (no cloak)
rCorr  .         Harm     .     (no gloves)
MR     .....                    (no boots)
Stlth  ++........               (no amulet)
                                (no ring)
                                m - ring of ice

@: very slightly contaminated
A: no food or potions, fire vulnerability, cold resistance 1, negative energy
resistance 3, torment resistance, unbreathing
a: no special abilities


You were on level 2 of the Dungeon.
You were not hungry.

You visited 1 branch of the dungeon, and saw 3 of its levels.

You collected 140 gold pieces.

Inventory:

Hand Weapons
 g - a +0 short sword (weapon)
Missiles
 c - 122 stones (quivered)
 n - a tomahawk
Armour
 a - a +0 robe (worn)
 d - a +0 helmet (worn)
Jewellery
 m - a ring of ice (left hand)
Scrolls
 e - a scroll of fog
 f - 2 scrolls of identify
 l - a scroll of fear {unknown}
Books
 b - a book of Frost

   Spells                             Type                      Level
   a - Freeze                         Ice                          1
   b - Throw Frost                    Conjuration/Ice              2
   c - Ozocubu's Armour               Charms/Ice                   3
   d - Throw Icicle                   Conjuration/Ice              4
   e - Summon Ice Beast               Ice/Summoning                4


   Skills:
 - Level 1.5 Dodging
 - Level 1.5 Stealth
 - Level 2.0 Spellcasting
 + Level 1.1 Conjurations
 - Level 3.4 Ice Magic


You couldn't memorise any spells.
You knew the following spells:

 Your Spells              Type           Power        Failure   Level  Hunger
a - Freeze                Ice            ###.         8%          1    N/A
b - Throw Frost           Conj/Ice       ##....       14%         2    N/A
c - Ozocubu's Armour      Chrm/Ice       ##......     34%         3    N/A

Dungeon Overview and Level Annotations

Branches:
Dungeon (3/15)

Altars:

Annotations:
D:2 Natasha


Innate Abilities, Weirdness & Mutations

You do not eat or drink.
Your flesh is vulnerable to fire.
You are immune to poison.
Your flesh is cold resistant. (rC+)
You are immune to negative energy. (rN+++)
You are immune to unholy pain and torment.
You can survive without breathing.


Message History

It is a scroll of recharging.
You aren't carrying any rechargeable items.
The adder closely misses you. Natasha claws you!
* * * LOW HITPOINT WARNING * * *
The adder bites you.
* * * LOW HITPOINT WARNING * * *
As you read the scroll labeled UMATUH ZAHEACAE, it crumbles to dust.
You hear whispers in an ancient language.
It was a scroll of random uselessness.
Natasha closely misses you. The adder closely misses you.
As you read the scroll labeled JAOMUTW DOYCK, it crumbles to dust.
It is a scroll of amnesia.
Forget which spell ([?*] list [ESC] exit)?
Forget which spell ([?*] list [ESC] exit)?
Okay, then.
The adder bites you but does no damage. Natasha closely misses you.
As you read the scroll labeled DILIOCZUDGH, it crumbles to dust.
You hear a loud clanging noise!
It was a scroll of noise.
The adder bites you.
You die...

#..## #.#....####.## #.##
#......#...... #.# ##..#..#......
#.# #########..#......... ###.#
#.......#..#..#...... #...#
#.......#..##.#......
#...#########.......#.###.#......
#...w..w...##...Sh....###........
##########......@...#.##.........
# ####............####.... #####
#...>........# ####. .)..#####
#....).......# ##
........#####...........## #.
##..................##..###### #.
##.####.....................###.
#.<##.....#########............
##....##### ##...#######.


You could see Natasha and an adder.

Vanquished Creatures
  2 dart slugs
  3 leopard geckos
  An orc (D:3)
  A giant cockroach (D:3)
  4 goblins (D:1)
  3 hobgoblins
  3 jackals (D:1)
  2 frilled lizards (D:2)
  7 kobolds
  2 rats
28 creatures vanquished.

Notes
Turn   | Place    | Note
-------+----------+-------------------------------------------
     0 | D:1      | Idleism the Mummy Ice Elementalist began the quest for the Orb.
     0 | D:1      | Reached XP level 1. HP: 13/13 MP: 3/3
   367 | D:1      | Reached XP level 2. HP: 14/19 MP: 1/5
   371 | D:1      | Learned a level 2 spell: Throw Frost
   381 | D:1      | Reached skill level 3 in Ice Magic
  1745 | D:2      | Reached XP level 3. HP: 17/24 MP: 3/6
  1828 | D:2      | Learned a level 3 spell: Ozocubu's Armour
  2119 | D:2      | Reached skill level 1 in Conjurations
  2423 | D:3      | Noticed Natasha
  2439 | D:2      | Slain by an adder

Skill      XL: |  1  2  3 |
---------------+----------+-----
Ice Magic      | 3 |  3.4
Conjurations   | 1 |  1.1
Dodging        | |  1.5
Stealth        | |  1.5
Spellcasting   | |  2.0

Action                   || total
-------------------------++-------
Melee: Short sword       ||    35
       Club              ||     2
       Unarmed           ||     1
Throw: Stone             ||    14
 Cast: Freeze            ||    28
       Throw Frost       ||    15
       Ozocubu's Armour  ||     1
  Use: Scroll            ||     5
 Stab: Sleeping          ||     1
Armor: Robe              ||     9
Dodge: Dodged            ||    47
